AoeStats
← BOT Cangri

Atacama

503077872Analyzed
1v1 EW · 1mo ago on Aug 30, 2026· 17m 10s· 2 players
Game mode
Empire Wars
Map size
Tiny (2 player)
Population
200
Speed
Normal
Resources
Standard
Victory
Conquest
Starting age
Feudal Age
Ending age
Imperial Age
RankedLock teamsTeams togetherTeam positionsShared explorationLock speedFull tech treeHidden civsTurbo modeCheats
Victory
Defeat
🇺🇸 Magyars · United States
1377
+3
🇨🇱 Franks · Chile
978
-13
voltic
1:31 Double-Bit Axe
5:22 Bloodlines
9:40 Castle Age
13:17 Scale Barding Armor
15:01 Chain Barding Armor
BOT Cangri
0:39 Double-Bit Axe
7:04 Castle Age
8:50 Wheelbarrow
12:02 Bow Saw
11:54 Town Watch
12:53 Gold Mining
12:54 Stone Mining
13:01 Stone Mining
15:07 Forging
17:03 Fletching
Connection lost

Rejoining the realm…

Still unreachable

The connection could not be restored.

Session expired

The server has moved on; the page needs a fresh start.